 Dungeon Crawl Stone Soup version 0.29.1-1-gd02db6906a (webtiles) character file.

Game seed: 6455681561715779446

18 raistware the Conjurer (level 2, 0/17 HPs)
             Began as an Octopode Conjurer on Sept 27, 2022.
             Succumbed to a kobold's poison
             ... on level 1 of the Dungeon.
             The game lasted 00:01:14 (853 turns).

raistware the Conjurer (Octopode Conjurer)           Turns: 853, Time: 00:01:14

Health: 0/17       AC:  1    Str:  6    XL:     2   Next: 70%
Magic:  0/6        EV: 13    Int: 20    God:
Gold:   34         SH:  0    Dex: 10    Spells: 6/7 levels left

rFire   . . .      SeeInvis .   f - +0 dagger (venom)
rCold   . . .      Faith    .   (no shield)
rNeg    . . .      Spirit   .   (helmet restricted)
rPois   .          Reflect  .   (no amulet)
rElec   .          Harm     .   (no ring)
rCorr   .          Rampage  .   (no ring)
Will    .....                   (no ring)
Stlth   +++.......              (no ring)
HPRegen 0.05/turn               (no ring)
MPRegen 0.10/turn               (no ring)
                                (no ring)
                                (no ring)

@: lethally poisoned (0 -> -9)
A: almost no armour, amphibious, 8 rings, camouflage 1, gelatinous body 1,
(nimble swimmer 1), tentacles
a: no special abilities


You were on level 1 of the Dungeon.
You visited 1 branch of the dungeon, and saw 1 of its levels.

You collected 34 gold pieces.

Inventory:

Hand Weapons
 f - a +0 dagger of venom (weapon)
Missiles
 e - 2 poisoned darts
Scrolls
 b - a scroll of magic mapping {unknown}
 c - 4 scrolls of identify {unknown}
 d - a scroll of brand weapon {unknown}
Potions
 a - a potion of magic


   Skills:
 - Level 2.0 Dodging
 - Level 2.6 Stealth
 + Level 3.0 Spellcasting
 - Level 4.0 Conjurations


You had 6 spell levels left.
You knew the following spells:

 Your Spells              Type           Power      Damage    Failure   Level
a - Magic Dart            Conj           76%        1d6       2%          1

Your spell library contained the following spells:

 Spells                   Type           Power      Damage    Failure   Level
 Searing Ray              Conj           38%        2d5       4%          2
 Dazzling Flash           Conj/Hex       22%        N/A       19%         3
 Fulminant Prism          Conj/Hex       5%         3d7       52%         4
 Iskenderun's Mystic Bla  Conj/Tloc      11%        2d4       52%         4


Dungeon Overview and Level Annotations

Branches:
Dungeon (1/15)

Altars:


Innate Abilities, Weirdness & Mutations

You cannot wear most types of armour.
You are amphibious.
You can wear up to eight rings at the same time.
Your skin changes colour to match your surroundings (Stealth+).
Your rubbery body absorbs attacks. (AC +1, EV +1)
((You are camouflaged when in or above water. (Stealth+)))
You have tentacles for arms and can constrict up to eight enemies at once.


Message History

Your squeeze misses the kobold. The kobold hits you but does no damage.
You are poisoned.
You tentacle-slap the kobold. You grab the kobold.
The kobold is moderately wounded.
You constrict the kobold.
You feel sick.
The kobold hits you with a +0 dagger of venom.
You are lethally poisoned!
You barely miss the kobold.
The kobold is severely wounded.
You constrict the kobold, but do no damage.
You feel very sick. The kobold misses you.
You are too injured to fight recklessly!
Unknown command.
Okay, then.
Casting: Magic Dart (safe; 2% risk of failure)
Confirm with . or Enter, or press ? or * to list all spells.
Aiming: Magic Dart (safe; 2% risk of failure)
Press: ? - help, Shift-Dir - straight line, f - kobold
Aim: a kobold, wielding a +0 dagger of venom (severely wounded, constricted by you, 100% to hit)
The magic dart hits the kobold but does no damage.
The kobold is severely wounded.
You constrict the kobold.
You kill the kobold!
* * * LOW HITPOINT WARNING * * *
You feel very sick.
* * * LOW HITPOINT WARNING * * *
You feel sick.
A ball python comes into view.
Things that are here:
a +0 dagger of venom; a +0 club
Okay, then.
Your +0 dagger of venom begins to drip with poison!
f - a +0 dagger of venom (weapon)
* * * LOW HITPOINT WARNING * * *
You feel sick.
Unknown command.
Okay, then.
There is a lethal amount of poison in your body!
You die...

#.....)...# #
........### #.
#.#####.# #.#
#.# #.#
#..#####.# #.#
........#####.#
###.###.......#
#.†.....#######
#@#.#####
#...## ..#.##
#.#.#.. ### .S
# ### ... .#
### ## .#


You could see a ball python (wandering).

Vanquished Creatures
  A bat (D:1)
  2 giant cockroaches (D:1)
  2 goblins (D:1)
  3 hobgoblins (D:1)
  2 kobolds (D:1)
  2 ball pythons (D:1)
  3 frilled lizards (D:1)
  2 rats (D:1)
17 creatures vanquished.

Notes
Turn   | Place    | Note
-------+----------+-------------------------------------------
     0 | D:1      | raistware the Octopode Conjurer began the quest for the
                  | Orb.
     0 | D:1      | Reached XP level 1. HP: 11/11 MP: 3/3
    22 | D:1      | Found a faded altar of an unknown god.
   628 | D:1      | Reached XP level 2. HP: 16/17 MP: 3/5
   853 | D:1      | Succumbed to a kobold's poison

Illustrated notes

Levels and vault maps discovered:
D:1:      nicolae_arrival_memento_mori, layout_loops_ring,
          shapermc_ecumenical_altar_flowoftime, minmay_domino_4

Skill      XL: |  1  2 |
---------------+-------+-----
Spellcasting   | 3 |  3.0
Dodging        | |  2.0
Stealth        | |  2.6
Conjurations   | |  4.0

Action                   || total
-------------------------++-------
Melee: Unarmed           ||    27
       Constrict         ||     5
       Tentacles         ||     4
 Cast: Magic Dart        ||    22
 Stab: Sleeping          ||     2
Armor: Skin              ||     2
Dodge: Dodged            ||    19
